 Dungeon Crawl Stone Soup version 0.21.0-3-g78d12a8bdd (webtiles) character file.

35 Berahthraban the Charmwright (level 3, 0/28 HPs)
             Began as a Human Skald on Jan 12, 2018.
             Succumbed to an adder's poison
             ... on level 2 of the Dungeon.
             The game lasted 00:02:23 (632 turns).

Berahthraban the Charmwright (Human Skald)           Turns: 632, Time: 00:02:23

Health: 0/28       AC:  3    Str: 11    XL:     3   Next: 52%
Magic:  0/6        EV: 12    Int: 13    God:
Gold:   33         SH:  0    Dex: 13    Spells: 3/6 levels left

rFire    . . .     SeeInvis .   a - +0 mace
rCold    . . .     Gourm    .   (no shield)
rNeg     . . .     Faith    .   b - +0 leather armour
rPois    .         Spirit   .   (no helmet)
rElec    .         Reflect  .   (no cloak)
rCorr    .         Harm     .   (no gloves)
MR       .....                  (no boots)
Stlth    +.........             (no amulet)
HPRegen  0.09/turn              (no ring)
MPRegen  0.10/turn              (no ring)

@: lethally poisoned (0 -> -5), singing, very slightly contaminated
A: no striking features
a: no special abilities


You were on level 2 of the Dungeon.
You were not hungry.

You visited 1 branch of the dungeon, and saw 2 of its levels.

You collected 33 gold pieces.


   Skills:
 + Level 2.5 Fighting
 - Level 2.0 Maces & Flails
 + Level 1.7 Armour
 + Level 2.4 Dodging
 - Level 2.0 Spellcasting
 + Level 3.3 Charms


You had 3 spell levels left.
You knew the following spells:

 Your Spells              Type           Power        Failure   Level  Hunger
a - Infusion              Chrm           #...         9%          1    ##.....
b - Song of Slaying       Chrm           #.......     13%         2    ###....

Inventory:

Hand Weapons
 a - a +0 mace (weapon)
 n - a +2 dagger of venom
Missiles
 e - 20 stones (quivered)
Armour
 b - a +0 leather armour (worn)
Scrolls
 g - a scroll of teleportation {unknown}
 i - a scroll of remove curse {unknown}
 l - a scroll of noise {unknown}
Potions
 h - a potion of mutation {unknown}
 j - a potion of magic {unknown}
 k - a potion of curing {unknown}
 m - a potion of agility {unknown}
Books
 c - a book of Battle

   Spells                             Type                      Level
   a - Infusion                       Charms                       1
   b - Shroud of Golubria             Charms/Translocation         2
   c - Song of Slaying                Charms                       2
   d - Spectral Weapon                Hexes/Charms                 3
   e - Regeneration                   Charms/Necromancy            3
Comestibles
 d - 4 rations
 f - 5 chunks of flesh

Dungeon Overview and Level Annotations

Branches:
Dungeon (2/15)

Altars:

Annotations:
D:1 cleared

#..<......##... ..#
#..........#.# #$#
#..##........####.#
#..#............#.####
#..#.................###
#..........#.##.#..#...#
#.........##.....?...$.#
#####.##.###.####...†..#
#.#### #.b.@Sg...#.# #.#
#######...# # #.#
.......# #.# .........#
#.# ...........# ...
.........#...
.....##.##.### ..... ...
.#


You could see an adder, a goblin and a bat.


Message History

* * * LOW HITPOINT WARNING * * *
You feel sick. The bat barely misses you. The bat barely misses you.
The adder bites you but does no damage. The adder bites you but does no damage.
The bat misses you.
You closely miss the adder.
The adder is heavily wounded.
The bat hits you.
* * * LOW HITPOINT WARNING * * *
The adder barely misses you.
You hit the adder.
The adder is almost dead.
You are no longer magically infusing your attacks.
* * * LOW HITPOINT WARNING * * *
You feel sick. The bat hits you but does no damage. The adder bites you.
* * * LOW HITPOINT WARNING * * *
The adder misses you.
You closely miss the adder.
The adder is almost dead.
The bat closely misses you. The bat hits you but does no damage.
The adder misses you. The adder misses you.
You hit the adder.
The adder is almost dead.
You die...

Action                   || total
-------------------------++-------
Melee: Mace              ||    78
Throw: Stone             ||     1
 Cast: Infusion          ||     1
       Song of Slaying   ||     1
Armor: Leather armour    ||    28
Dodge: Dodged            ||    76

Vault maps used:
D:1:      lemuel_arrival_cross, minmay_strange_pillars
D:2:      grunt_dithmenos_smoke

Notes
Turn   | Place    | Note
-------+----------+-------------------------------------------
     0 | D:1      | Berahthraban the Human Skald began the quest for the Orb.
     0 | D:1      | Reached XP level 1. HP: 16/16 MP: 3/3
   200 | D:1      | Reached XP level 2. HP: 19/22 MP: 5/5
   204 | D:1      | Learned a level 2 spell: Song of Slaying
   442 | D:1      | Reached XP level 3. HP: 24/28 MP: 6/6
   630 | D:2      | HP: 2/28 [poisoned by an adder]
   632 | D:2      | Succumbed to an adder's poison

Vanquished Creatures
  An adder (D:2)
  3 dart slugs
  3 giant cockroaches
  A goblin (D:1)
  2 hobgoblins (D:1)
  3 kobolds (D:1)
  A ball python (D:1)
  2 bats (D:1)
  3 frilled lizards (D:1)
  A rat (D:1)
20 creatures vanquished.
